 Dungeon Crawl Stone Soup version 0.30-a0-23-ge60ba3568b (webtiles) character file.

Game seed: 1783798993547958687

273 kareem the Sneak (level 6, 0/44 HPs)
             Began as a Vampire Enchanter on Aug 24, 2022.
             Slain by a ball python (2 damage)
             ... in a sewer.
             The game lasted 00:09:01 (3075 turns).

kareem the Sneak (Vampire Enchanter)                Turns: 3075, Time: 00:09:02

Health: 0/44       AC:  3    Str:  7    XL:     6   Next: 3%
Magic:  7/10       EV: 10    Int: 18    God:
Gold:   202        SH:  0    Dex: 16    Spells: 2/10 levels left

rFire   . . .      SeeInvis +    p - +2 dagger (speed)
rCold   . . .      Faith    .    (no shield)
rNeg    . . .      Spirit   .    b - +0 robe
rPois   .          Reflect  .    a - +0 helmet
rElec   .          Harm     .    (no cloak)
rCorr   .          Rampage  .    (no gloves)
Will    .....                    (no boots)
Stlth   +++.......               (no amulet)
HPRegen 0.34/turn                (no ring)
MPRegen 0.12/turn                (no ring)

@: healing quickly, constricted
A: alive, fangs 3, see invisible, vampiric 2
a: Exsanguinate


You were in a sewer.
You visited 1 branch of the dungeon, and saw 3 of its levels.
You also visited: Sewer.

You collected 202 gold pieces.

Inventory:

Hand Weapons
 f - a +0 short sword of speed
 p - a +2 dagger of speed (weapon)
Armour
 a - a +0 helmet (worn)
 b - a +0 robe (worn)
Wands
 q - a wand of roots (11)
Scrolls
 d - a scroll of fear
 e - a scroll of teleportation {unknown}
 g - a scroll of vulnerability {unknown}
 h - a scroll of immolation {unknown}
 i - 2 scrolls of summoning {unknown}
 o - a scroll of identify {unknown}
 r - a scroll of magic mapping {unknown}
 s - a scroll of blinking {unknown}
Potions
 c - 2 potions of invisibility
 j - a potion of curing {unknown}
 k - 2 potions of degeneration
 l - 2 potions of magic {unknown}
 m - 2 potions of cancellation {unknown}
 n - a potion of mutation {unknown}


   Skills:
 + Level 2.2 Fighting
 + Level 2.8 Short Blades
 + Level 2.6 Dodging
 + Level 6.8 Stealth
 + Level 2.6 Spellcasting
 + Level 5.4 Hexes


You had 2 spell levels left.
You knew the following spells:

 Your Spells              Type           Power      Damage    Failure   Level
a - Confusing Touch       Hex            22%        N/A       5%          3
b - Tukima's Dance        Hex            22%        N/A       5%          3
c - Ensorcelled Hibernat  Hex/Ice        24%        N/A       9%          2

Your spell library contained the following spells:

 Spells                   Type           Power      Damage    Failure   Level
 Dazzling Flash           Conj/Hex       24%        N/A       17%         3


Dungeon Overview and Level Annotations

Branches:
Dungeon (3/15)              Sewer (1/1)

Altars:

Annotations:
D:2 1 runed translucent door, exclusions: gnoll and ogre, Crazy Yiuf


Innate Abilities, Weirdness & Mutations

Your natural rate of healing is accelerated.
You have razor-sharp teeth.
You have supernaturally acute eyesight. (SInv)
You are afflicted with vampirism and can become a bat while bloodless.


Message History

The river rat is almost dead.
The ball python bites you but does no damage.
The jackal bites you. The ball python barely misses you.
The ball python constricts you. The river rat bites you!
* * * LOW HITPOINT WARNING * * *
Unknown command.
You escape the ball python's grasp.
The bat hits you but does no damage.
The ball python bites you but does no damage.
The ball python closely misses you. The jackal attacks as you move away!
The jackal barely misses you. The bat closely misses you.
The jackal barely misses you.
You are too injured to fight recklessly!
Casting: Confusing Touch (dangerous; 5% risk of failure)
Confirm with . or Enter, or press ? or * to list all spells.
Your hands begin to glow red.
The bat misses you. The jackal closely misses you.
The ball python bites you but does no damage.
The ball python grabs you. The ball python constricts you.
* * * LOW HITPOINT WARNING * * *
The ball python bites you but does no damage.
The river rat bites you.
* * * LOW HITPOINT WARNING * * *
You hit the river rat but do no damage.
The river rat appears confused.
You punch the river rat, but do no damage.
The river rat is almost dead.
The jackal bites you.
* * * LOW HITPOINT WARNING * * *
The ball python bites you but does no damage.
The ball python constricts you.
You hit the bat.
You kill the bat!
The ball python bites you.
* * * LOW HITPOINT WARNING * * *
The jackal closely misses you. The ball python misses you.
The ball python constricts you.
Unknown command.
You hit the jackal but do no damage. You bite the jackal.
The jackal is heavily wounded.
The ball python bites you.
You die...

##########################
#≈≈≈≈≈≈≈≈≈≈≈≈≈≈≈≈≈≈≈≈≈≈≈≈≈
≈≈≈≈≈≈≈≈≈≈≈≈≈≈≈≈≈≈≈≈≈≈≈≈≈
≈≈≈≈≈~.r~≈≈≈~~~~~~.~.~.~
###~.h@..~≈~###########
#~.†.SS##~≈~#
#.~...~####.≈.###########
#....### #~≈~~.~.~~~.~.~
#..... #.≈.≈≈≈≈≈≈≈≈≈≈≈
##... #~≈~†~~~~.~.~~. ###.
#~≈~########### # #~≈~#
###### # #.≈~# #.†††# #


You could see a river rat (confused), a jackal and 2 ball pythons.

Vanquished Creatures
  Natasha (thrice) (D:2)
  Robin (D:1)
  3 gnolls
  4 adders
  2 river rats (Sewer)
  4 worms
  2 dart slugs (D:1)
  8 bats
  5 endoplasms
  7 giant cockroaches
  11 goblins
  9 hobgoblins
  4 jackals
  5 quokkas
  4 ball pythons
  2 frilled lizards (D:2)
  4 kobolds
  4 rats
82 creatures vanquished.

Vanquished Creatures (collateral kills)
  A gnoll (D:1)
1 creature vanquished.

Grand Total: 83 creatures vanquished

Notes
Turn   | Place    | Note
-------+----------+-------------------------------------------
     0 | D:1      | kareem the Vampire Enchanter began the quest for the Orb.
     0 | D:1      | Reached XP level 1. HP: 13/13 MP: 3/3
   131 | D:1      | Reached XP level 2. HP: 18/20 MP: 5/5
   201 | D:1      | You fall into a shaft and drop 1 floor!
   320 | D:2      | Reached skill level 1 in Fighting
   574 | D:1      | Gained mutation: You are afflicted with vampirism and can
                  | become a bat while bloodless. [Vampire growth]
   574 | D:1      | Reached XP level 3. HP: 26/26 MP: 6/6
   580 | D:1      | Learned a level 3 spell: Confusing Touch
   604 | D:1      | Reached skill level 5 in Stealth
   754 | D:1      | Found a faded altar of an unknown god.
   835 | D:2      | Noticed an ogre
   842 | D:2      | Learned a level 3 spell: Tukima's Dance
   889 | D:2      | Noticed Natasha
   893 | D:2      | Killed Natasha
   948 | D:2      | Reached XP level 4. HP: 31/33 MP: 3/7
  1444 | D:2      | Noticed Natasha
  1501 | D:2      | Killed Natasha
  1502 | D:2      | Reached skill level 5 in Hexes
  1502 | D:2      | Reached XP level 5. HP: 25/38 MP: 4/8
  1552 | D:2      | Noticed Robin
  1653 | D:1      | Learned a level 2 spell: Ensorcelled Hibernation
  1667 | D:1      | Killed Robin
  1728 | D:1      | Reached skill level 6 in Stealth
  1852 | D:2      | Found a runed translucent door.
  1853 | D:2      | Noticed Crazy Yiuf
  1971 | D:2      | Noticed Natasha
  1980 | D:2      | Killed Natasha
  2520 | D:3      | Found a glowing drain.
  2535 | Sewer    | Entered a sewer
  2902 | Sewer    | Reached XP level 6. HP: 44/44 MP: 10/10
  3074 | Sewer    | HP: 2/44 [ball python (3)]
  3075 | Sewer    | Slain by a ball python

Illustrated notes

Levels and vault maps discovered:
D:1:      dpeg_arrival_rhombi, layout_rooms,
          hellmonk_ecumenical_altar_leap_of_faith, serial_curves,
          eino_curves_03, eino_curves_04
D:2:      layout_loops_ring, minmay_small_reverse_x, uniq_crazy_yiuf_cottage,
          uniq_natasha, uniq_robin
D:3:      layout_basic, mainiacjoe_overflow_paths, cheibrodos_sewer_entry_drain,
          serial_corexii_hall, chequers_hall_statues_wall_a,
          chequers_hall_statues_corner_a, corexii_hall_statues_i,
          chequers_hall_statues_y, corexii_hall_statues_s,
          chequers_hall_statues_wall_a
Sewer:    sewer_fruit_machine

Skill      XL: |  1  2  3  4  5 |
---------------+----------------+-----
Fighting       | 1 2 |  2.2
Stealth        | 5 6 |  6.8
Short Blades   | 2 |  2.8
Hexes          | 5 |  5.4
Dodging        | |  2.6
Spellcasting   | |  2.6

Action                   |  1- 3 |  4- 6 || total
-------------------------+-------+-------++-------
Melee: Dagger            |    40 |   110 ||   150
       Bite              |     7 |    26 ||    33
       Short sword       |    72 |    76 ||   148
       Punch             |       |     3 ||     3
 Cast: Tukima's Dance    |     1 |     5 ||     6
       Confusing Touch   |     1 |    18 ||    19
  Use: Scroll            |       |     1 ||     1
 Stab: Sleeping          |     9 |     6 ||    15
       Confused          |     1 |     9 ||    10
Armor: Robe              |    16 |    36 ||    52
Dodge: Dodged            |    68 |   158 ||   226

Table legend: (Time is in decaauts)
 A = Elapsed time spent in this place.
 B = Non-inter-level travel time spent in this place.
 C = Inter-level travel time spent in this place.
 D = Time resting spent in this place.
 E = Time spent auto-exploring this place.
 F = Levels seen in this place.
 G = Mean time per level.
                   A        B        C        D        E       F      G
               +--------+--------+--------+--------+--------+-----+--------+
         Total |   3058 |   3015 |     43 |    734 |   1417 |   4 |  764.5 |
       Dungeon |   2473 |   2430 |     43 |    556 |   1188 |   3 |  824.3 |
         Sewer |    585 |    585 |      0 |    178 |    229 |   1 |  585.0 |
               +--------+--------+--------+--------+--------+-----+--------+

Top non-repeatable levels by time:
     D:2: 1378 daAuts
     D:1: 1030 daAuts
   Sewer: 585 daAuts
     D:3: 64 daAuts
